Map: Orbital Shipyard

Players

YoshI

  • Race: Protoss Protoss
  • League: Master

Miszu - Winner!

  • Race: Terran Terran
  • League: Diamond

VOD

Have the link to the VOD?

Description

Time

  • Played on: March 25, 2016, 5:06 p.m.
  • Length: 9:23
Show
View Real Time Build Order
Export as new Build Order

YoshI Protoss 

Build Orders: Mass Adepts 

Get SALT Encoding   

  12  0:01  Probe (Chrono Boost)  
  13  0:13  Probe (Chrono Boost)  
  14  0:27  Probe (Chrono Boost)  
  15  0:37  Pylon  
  15  0:57  Gateway  
  15  0:58  Gateway  
  15  0:59  Gateway  
  15  1:02  Probe (Chrono Boost)  
  16  1:10  Assimilator  
  16  1:16  Pylon  
  16  1:45  Cybernetics Core  
  16  1:49  Zealot (Chrono Boost)  
  16  1:50  Zealot (Chrono Boost)  
  16  1:52  Zealot (Chrono Boost)  
  22  2:05  Pylon  
  28  2:23  Adept x2 (Chrono Boost)  
  28  2:24  Adept (Chrono Boost)  
  28  2:33  Pylon  
  28  2:48  Adept (Chrono Boost)  
  32  2:51  Adept (Chrono Boost)  
  32  2:55  Zealot (Chrono Boost)  
  34  3:11  Adept (Chrono Boost)  
  34  3:18  Zealot (Chrono Boost)  
  38  3:22  Adept (Chrono Boost)  
  34  3:35  Adept (Chrono Boost)  
  32  3:45  Adept (Chrono Boost)  
  32  3:53  Zealot (Chrono Boost)  
  34  3:58  Zealot (Chrono Boost)  
  36  4:12  Adept (Chrono Boost)  
  34  4:20  Zealot (Chrono Boost)  
  34  4:22  Adept (Chrono Boost)  
  26  4:39  Adept (Chrono Boost)  
  30  4:45  Adept (Chrono Boost)  
  30  4:47  Zealot (Chrono Boost)  
  30  5:06  Adept (Chrono Boost)  
  32  5:08  Gateway  
  32  5:10  Assimilator  
  32  5:11  Stalker (Chrono Boost), Zealot (Chrono Boost)  
  34  5:25  Probe  
  35  5:34  Stalker (Chrono Boost)  
  35  5:41  Stalker (Chrono Boost)  
  37  5:44  Adept (Chrono Boost)  
  37  6:02  Warp Gate (Chrono Boost)  
  37  6:09  Probe  
  38  6:21  Probe  
  39  6:26  Stargate  
  39  6:32  Pylon  
  35  6:33  Probe  
  36  6:45  Probe  
  33  6:57  Probe  
  28  7:13  Void Ray (Chrono Boost)  
  30  7:52  Oracle (Chrono Boost)  
  30  7:58  Stalker x3  
  39  7:59  Stalker  
  39  8:04  Pylon  
  36  8:25  Stalker, Zealot  
  36  8:26  Zealot  
Show
View Real Time Build Order
Export as new Build Order

Miszu Terran - Winner!

Build Orders:  

Get SALT Encoding   

  12  0:01  SCV  
  13  0:13  SCV  
  14  0:18  Supply Depot  
  14  0:25  SCV  
  15  0:40  SCV  
  15  0:41  Barracks  
  16  0:44  Refinery  
  16  0:52  SCV  
  17  1:05  SCV  
  18  1:19  SCV  
  19  1:30  Barracks Reactor  
  19  1:31  Orbital Command  
  19  1:47  Command Center  
  19  1:50  Refinery  
  19  1:57  SCV  
  19  2:00  Supply Depot  
  20  2:08  Factory  
  20  2:13  SCV  
  21  2:18  Marine x2  
  23  2:25  SCV  
  24  2:37  SCV  
  24  2:40  Marine x2  
  27  2:49  SCV  
  28  2:52  Starport, Factory Tech Lab  
  28  2:59  Orbital Command  
  29  3:15  Marine  
  29  3:16  Marine  
  29  3:19  Cyclone  
  30  3:33  Marine  
  15  3:56  Cyclone  
  18  4:15  SCV  
  18  4:19  Marine x2  
  16  4:26  SCV  
  16  4:27  SCV  
  17  4:38  SCV  
  17  4:39  SCV  
  18  4:50  SCV  
  18  4:51  SCV  
  20  5:00  Marine x2  
  20  5:02  SCV  
  20  5:03  SCV  
  24  5:14  SCV  
  24  5:15  Bunker, SCV  
  26  5:25  Cyclone  
  26  5:26  SCV  
  26  5:27  SCV  
  31  5:38  SCV  
  31  5:39  Marine, SCV  
  34  5:47  Marine  
  35  5:50  SCV  
  36  5:57  Starport Tech Lab  
  36  6:02  SCV  
  36  6:03  SCV  
  38  6:20  SCV x2  
  40  6:32  Cloaking Field, SCV, Banshee  
  41  6:36  SCV  
  45  6:42  Supply Depot  
  45  6:44  SCV  
  46  7:20  Marine x2  
  46  7:21  SCV x2  
  50  7:23  Supply Depot  
  50  7:24  Banshee  
  50  7:29  Engineering Bay  
  53  7:33  SCV  
  54  7:38  Supply Depot  
  54  7:42  Starport  
  54  7:43  Starport  
  54  7:44  SCV  
  54  7:45  Supply Depot, SCV  
  56  7:54  Refinery x2  
  56  7:57  SCV x2  
  58  8:09  SCV x2  
  57  8:17  Banshee  
  60  8:21  SCV  
  61  8:28  Starport Tech Lab  
  61  8:29  Starport Tech Lab  
  61  8:30  Missile Turret  
  61  8:34  Missile Turret  
  60  9:03  SCV x2  
  60  9:11  Supply Depot  
  60  9:13  Supply Depot  
Tags
 
Add a new tag
Caveats
  • Supply blocks, unpowered buildings, or Contaminate may cause inaccurate times.
  • Supply counts are checked every 10 seconds.